 Dungeon Crawl Stone Soup version 0.26.1-11-gd32895ea62 (webtiles) character file.

Game seed: 17010805814733589203

757 Zeld the Cruncher (level 7, -5/45 HPs)
             Began as an Octopode Gladiator on May 23, 2021.
             Slain by a gnoll shaman
             ... wielding a +0 whip
              (6 damage)
             ... on level 4 of the Dungeon.
             The game lasted 00:05:07 (6407 turns).

Zeld the Cruncher (Octopode Gladiator)              Turns: 6407, Time: 00:05:07

Health: -5/45      AC:  3    Str: 15    XL:     7   Next: 79%
Magic:  7/7        EV: 14    Int: 11    God:
Gold:   131        SH:  0    Dex: 13    Spells: 6/6 levels left

rFire    . . .     SeeInvis .   a - +1 quarterstaff
rCold    . . .     Faith    .   (shield currently unavailable)
rNeg     . . .     Spirit   .   b - +2 hat
rPois    .         Reflect  .   (no amulet)
rElec    .         Harm     .   (no ring)
rCorr    .         Rampage  .   (no ring)
Will     .....                  (no ring)
Stlth    ++........             (no ring)
HPRegen  0.15/turn              (no ring)
MPRegen  0.10/turn              (no ring)
                                (no ring)
                                (no ring)

@: no status effects
A: almost no armour, stealthy swim, amphibious, 8 rings, constrict 8, camouflage
1, gelatinous body 1
a: no special abilities


You were on level 4 of the Dungeon.
You visited 1 branch of the dungeon, and saw 5 of its levels.
You also visited: Sewer.

You collected 209 gold pieces.
You spent 78 gold pieces at shops.

Inventory:

Hand Weapons
 a - a +1 quarterstaff (weapon)
Missiles
 c - 3 throwing nets
 f - 7 javelins
 g - 3 poisoned darts
Armour
 b - a +2 hat (worn)
Wands
 k - a wand of random effects (26)
 m - a wand of digging (5)
Scrolls
 j - 4 scrolls of amnesia
 q - 3 scrolls of teleportation {unknown}
 s - 4 scrolls of remove curse {unknown}
Potions
 d - 3 potions of attraction {unknown}
 e - 3 potions of curing
 h - a potion of mutation {unknown}
 i - a potion of haste {unknown}
 l - a potion of lignification {unknown}
 n - a potion of resistance {unknown}
 o - a potion of degeneration {unknown}
 r - a potion of berserk rage {unknown}


   Skills:
 - Level 2.0 Fighting
 * Level 9.0 Staves
 - Level 2.0 Throwing
 - Level 3.0 Dodging


You had 6 spell levels left.
You didn't know any spells.
Your spell library was empty.

Dungeon Overview and Level Annotations

Branches:
Dungeon (5/15)              Sewer (visited)
 Temple: D:4-7

Altars:

Shops:
D:4 (


Innate Abilities, Weirdness & Mutations

You cannot wear most types of armour.
You are very stealthy in the water. (Stealth+)
You are amphibious.
You can wear up to eight rings at the same time.
You can use your tentacles to constrict eight enemies at once.
Your skin changes colour to match your surroundings (Stealth+).
Your rubbery body absorbs attacks. (AC +1, EV +1)


Message History

You kill the centaur!
The gnoll hits you!
Your Staves skill increases to level 9!
You are too injured to fight recklessly!
You are too injured to fight recklessly!
The gnoll shaman hits you with a +0 whip!
* * * LOW HITPOINT WARNING * * *
The gnoll barely misses you.
You climb upwards.
There is a stone staircase leading down, spattered with blood here.
You hit the gnoll shaman. You grab the gnoll shaman.
The gnoll shaman is lightly wounded.
You constrict the gnoll shaman.
The gnoll shaman hits you with a +0 whip!
* * * LOW HITPOINT WARNING * * *
You hit the gnoll shaman but do no damage.
The gnoll shaman is lightly wounded.
You constrict the gnoll shaman.
The gnoll shaman hits you with a +0 whip.
You die...

##....#.##......#.......#..###...
####........................#..##
###...........###..............##
##............###......##.......#
#.................#.#.###........
......⌠..........##.#####.......#
................###....#........#
#...#..........g.#.............##
.#........>....g@...............#
.#............##.∩..........##...
..##.........####................
...##.......#####................
............................###.#
............................#####
#.............................##.
......................8...###....
...........................#.....


You could see a gnoll shaman and a gnoll.

Vanquished Creatures
  A water moccasin (Sewer)
  A sky beast (D:4)
  A centaur (D:5)
  2 scorpions (D:4)
  2 hounds
  Natasha (thrice) (D:4)
  2 orc wizards (D:3)
  A worker ant (D:5)
  Robin (D:4)
  3 adders (D:4)
  A river rat (D:4)
  2 oozes
  An adder skeleton (D:4)
  5 worms
  2 dart slugs (D:1)
  3 leopard geckos
  2 orcs (D:3)
  9 bats
  2 giant cockroaches (D:3)
  19 goblins
  11 hobgoblins
  8 jackals
  5 frilled lizards
  9 kobolds
  A leopard gecko zombie (D:5)
  8 rats
105 creatures vanquished.

Notes
Turn   | Place    | Note
-------+----------+-------------------------------------------
     0 | D:1      | Zeld the Octopode Gladiator began the quest for the Orb.
     0 | D:1      | Reached XP level 1. HP: 14/14 MP: 1/1
   199 | D:1      | Reached XP level 2. HP: 9/19 MP: 2/2
   670 | D:1      | Reached skill level 4 in Staves
   805 | D:1      | Reached XP level 3. HP: 20/24 MP: 3/3
  1798 | D:2      | Reached XP level 4. HP: 29/29 MP: 4/4
  2337 | D:3      | Reached skill level 5 in Staves
  3236 | D:3      | Reached XP level 5. HP: 31/34 MP: 5/5
  3337 | D:3      | Reached skill level 6 in Staves
  3415 | D:4      | Noticed Natasha
  3423 | D:4      | Killed Natasha
  3545 | D:4      | Noticed Robin
  3551 | D:4      | Found Paqec's Weapon Boutique.
  3557 | D:4      | Bought 7 javelins for 78 gold pieces
  3572 | D:4      | Noticed Natasha
  3966 | D:4      | Found a glowing drain.
  3980 | Sewer    | Entered a sewer
  4018 | Sewer    | Reached XP level 6. HP: 37/39 MP: 6/6
  4141 | Sewer    | Noticed a water moccasin
  4146 | Sewer    | Killed a water moccasin
  4147 | Sewer    | Reached skill level 7 in Staves
  4423 | D:4      | Killed Natasha
  4640 | D:4      | Noticed Natasha
  4645 | D:4      | Killed Natasha
  4646 | D:4      | Reached XP level 7. HP: 39/45 MP: 7/7
  4741 | D:4      | Reached skill level 8 in Staves
  5362 | D:4      | Killed Robin
  5590 | D:5      | Entered Level 5 of the Dungeon
  6398 | D:5      | Reached skill level 9 in Staves
  6406 | D:4      | HP: 1/45 [gnoll shaman/+0 whip (9)]
  6407 | D:4      | Slain by a gnoll shaman

Illustrated notes

Levels and vault maps discovered:
D:1:      lemuel_arrival_muddy, layout_basic
D:2:      layout_basic
D:3:      layout_rooms, chequers_mini_garden
D:4:      layout_cave_pools, serial_shops, shop, serial_column_ruins,
          column_ruins_circle_small, column_ruins_open_small,
          column_ruins_open_large, column_ruins_grid_1,
          column_ruins_open_medium, gup_sewer_entry_bubbles, uniq_robin,
          uniq_natasha
D:5:      layout_basic

Skill      XL: |  1  2  3  4  5  6  7 |
---------------+----------------------+-----
Staves         | 4 5 6 7 9 |  9.0
Fighting       | |  2.0
Throwing       | |  2.0
Dodging        | |  3.0

Action                   |  1- 3 |  4- 6 |  7- 9 || total
-------------------------+-------+-------+-------++-------
Melee: Quarterstaff      |    72 |   102 |    55 ||   229
       Constrict         |    18 |    24 |    11 ||    53
       Tentacles         |    19 |    24 |    15 ||    58
Throw: Throwing net      |     2 |       |       ||     2
  Use: Scroll            |       |    12 |       ||    12
       Potion            |       |     1 |     1 ||     2
 Stab: Sleeping          |     5 |     7 |     1 ||    13
Armor: Skin              |     4 |     6 |    16 ||    26
Dodge: Dodged            |    52 |    54 |    55 ||   161
